NCAA
PROVIDENCE FRIARS @ MISSISSIPPI REBELS
04/24/2027
 
TOP OF THE 1ST
Providence Friars batting - Pitching for Mississippi Rebels : RHP Paul Lorenzo
Pitching: RHP Paul Lorenzo
Batting: LHB Brian Easdale 0-0: Fly out, F8 (Flyball, 8LD)
Batting: RHB Marcus Pittman 0-0: Called Strike
0-1: Ball
1-1: Ball
2-1: Ball
3-1: Called Strike
3-2: Strikes out swinging
Batting: RHB Miguel Sánchez 0-0: Swinging Strike
0-1: Ball
1-1: Ground out U3 (Groundball, 3)
Top of the 1st over - 0 run(s), 0 hit(s), 0 error(s), 0 left on base; Providence 0 - Mississippi 0
BOTTOM OF THE 1ST
Mississippi Rebels batting - Pitching for Providence Friars : RHP Robbie Hopps
Pitching: RHP Robbie Hopps
Batting: RHB Jon Waller 0-0: Called Strike
0-1: Ball
1-1: Swinging Strike
1-2: Strikes out swinging
Batting: LHB Ryan Miller 0-0: Called Strike
0-1: Called Strike
0-2: Foul Ball, location: 2F
0-2: Ball
1-2: Foul Ball, location: 2F
1-2: Ball
2-2: Strikes out looking
Batting: RHB Lou Hammond 0-0: Ball
1-0: Called Strike
1-1: Foul Ball, location: 2F
1-2: Ball
2-2: Fly out, F9 (Flyball, 9S)
Bottom of the 1st over - 0 run(s), 0 hit(s), 0 error(s), 0 left on base; Providence 0 - Mississippi 0
TOP OF THE 2ND
Providence Friars batting - Pitching for Mississippi Rebels : RHP Paul Lorenzo
Batting: LHB Javier Morales 0-0: Foul Ball, location: 2F
0-1: Ball
1-1: Ground out 6-3 (Groundball, 6)
Batting: SHB Esteban Aliaga 0-0: Foul Ball, location: 2F
0-1: Ground out U3 (Groundball, 34)
Batting: RHB Roger Tucker 0-0: Called Strike
0-1: Ball
1-1: Swinging Strike
1-2: Foul Ball, location: 2F
1-2: Ball
2-2: Ball
3-2: Strikes out swinging
Top of the 2nd over - 0 run(s), 0 hit(s), 0 error(s), 0 left on base; Providence 0 - Mississippi 0
BOTTOM OF THE 2ND
Mississippi Rebels batting - Pitching for Providence Friars : RHP Robbie Hopps
Batting: RHB Jason McIntosh 0-0: Fly out, F9 (Flyball, 9LS)
Batting: RHB Simon Lee 0-0: Ball
1-0: Ball
2-0: Swinging Strike
2-1: Ball
3-1: Called Strike
3-2: Fly out, F7 (Flyball, 7)
Batting: SHB Jack Hendrix 0-0: Ball
1-0: Swinging Strike
1-1: Foul Ball, location: 2F
1-2: Foul Ball, location: 2F
1-2: Ball
2-2: Foul Ball, location: 2F
2-2: Strikes out looking
Bottom of the 2nd over - 0 run(s), 0 hit(s), 0 error(s), 0 left on base; Providence 0 - Mississippi 0
TOP OF THE 3RD
Providence Friars batting - Pitching for Mississippi Rebels : RHP Paul Lorenzo
Batting: RHB Héctor Cruz 0-0: Ball
1-0: Ball
2-0: Ball
3-0: Called Strike
3-1: Base on Balls
Batting: SHB Will Davies 0-0: Ball
Pickoff Throw by Catcher to First - Error! E2
Héctor Cruz to second
1-0: Called Strike
1-1: Swinging Strike
1-2: Ball
2-2: Reached via error on a dropped throw, E1
Héctor Cruz to third
Batting: RHB Gustavo Todd 0-0: Foul Ball, location: 2F
0-1: Ball
1-1: Ball
2-1: Ball
3-1: Foul Ball, location: 2F
3-2: Strikes out swinging
Batting: LHB Brian Easdale 0-0: Ball
1-0: Fielders Choice at 2nd, 5-4 (Groundball, 5L)
Héctor Cruz scores
Batting: RHB Marcus Pittman 0-0: Called Strike
0-1: Called Strike
Brian Easdale is caught stealing 2nd base
Top of the 3rd over - 1 run(s), 0 hit(s), 2 error(s), 0 left on base; Providence 1 - Mississippi 0
BOTTOM OF THE 3RD
Mississippi Rebels batting - Pitching for Providence Friars : RHP Robbie Hopps
Batting: RHB John Eaves 0-0: SINGLE (Flyball, 3D) - OUT at second base trying to stretch hit.
Batting: RHB Warren Owens 0-0: Called Strike
0-1: Called Strike
0-2: Ball
1-2: Strikes out looking
Batting: RHB Owen Parra 0-0: Called Strike
0-1: SINGLE (Line Drive, 89M)
Batting: RHB Jon Waller 0-0: Ball
1-0: Fly out, F9 (Flyball, 9S)
Bottom of the 3rd over - 0 run(s), 2 hit(s), 0 error(s), 1 left on base; Providence 1 - Mississippi 0
TOP OF THE 4TH
Providence Friars batting - Pitching for Mississippi Rebels : RHP Paul Lorenzo
Batting: RHB Marcus Pittman 0-0: Foul Ball, location: 2F
0-1: Called Strike
0-2: Foul Ball, location: 2F
0-2: Fly out, F2 (Popup, 23)
Batting: RHB Miguel Sánchez 0-0: Ball
1-0: Fly out, F7 (Flyball, 7LSF)
Batting: LHB Javier Morales 0-0: Called Strike
0-1: Foul Ball, location: 2F
0-2: SOLO HOME RUN (Flyball, 8LXD), Distance : 405 ft
Batting: SHB Esteban Aliaga 0-0: Ball
1-0: Ball
2-0: Ground out 5-3 (Groundball, 56S)
Top of the 4th over - 1 run(s), 1 hit(s), 0 error(s), 0 left on base; Providence 2 - Mississippi 0
BOTTOM OF THE 4TH
Mississippi Rebels batting - Pitching for Providence Friars : RHP Robbie Hopps
Batting: LHB Ryan Miller 0-0: Ball
1-0: Swinging Strike
1-1: SINGLE (Groundball, 6) (infield hit)
Batting: RHB Lou Hammond 0-0: Grounds into double play, 5-4-3 (Groundball, 5)
Batting: RHB Jason McIntosh 0-0: Called Strike
0-1: Hit by Pitch
Batting: RHB Simon Lee 0-0: Called Strike
0-1: Called Strike
0-2: Strikes out looking
Bottom of the 4th over - 0 run(s), 1 hit(s), 0 error(s), 1 left on base; Providence 2 - Mississippi 0
TOP OF THE 5TH
Providence Friars batting - Pitching for Mississippi Rebels : RHP Paul Lorenzo
Batting: RHB Roger Tucker 0-0: Swinging Strike
0-1: Foul Ball, location: 2F
0-2: Foul Ball, location: 2F
0-2: Foul Ball, location: 2F
0-2: Ball
1-2: Ball
2-2: Strikes out looking
Batting: RHB Héctor Cruz 0-0: SINGLE (Flyball, 9LS)
Batting: SHB Will Davies 0-0: Fielders Choice at 2nd, 6-4 (Groundball, 6M)
Batting: RHB Gustavo Todd 0-0: Ball
Pickoff Throw to First - Out!
Top of the 5th over - 0 run(s), 1 hit(s), 0 error(s), 0 left on base; Providence 2 - Mississippi 0
BOTTOM OF THE 5TH
Mississippi Rebels batting - Pitching for Providence Friars : RHP Robbie Hopps
Batting: SHB Jack Hendrix 0-0: Called Strike
0-1: Ball
1-1: Called Strike
1-2: Strikes out looking
Batting: RHB John Eaves 0-0: Called Strike
0-1: Swinging Strike
0-2: Strikes out swinging
Batting: RHB Warren Owens 0-0: Called Strike
0-1: Foul Ball, location: 2F
0-2: Ball
1-2: Ball
2-2: Fly out, F4 (Popup, 4MD)
Bottom of the 5th over - 0 run(s), 0 hit(s), 0 error(s), 0 left on base; Providence 2 - Mississippi 0
TOP OF THE 6TH
Providence Friars batting - Pitching for Mississippi Rebels : RHP Paul Lorenzo
Batting: RHB Gustavo Todd 0-0: Called Strike
0-1: Ball
1-1: Called Strike
1-2: Strikes out looking
Batting: LHB Brian Easdale 0-0: Ball
1-0: SINGLE (Groundball, 6D)
Pitching: RHP Jim Major
Batting: RHB Marcus Pittman 0-0: Called Strike
0-1: Ball
Brian Easdale is caught stealing 2nd base
1-1: Foul Ball, location: 2F
1-2: Fly out, F8 (Flyball, 8RD)
Top of the 6th over - 0 run(s), 1 hit(s), 0 error(s), 0 left on base; Providence 2 - Mississippi 0
BOTTOM OF THE 6TH
Mississippi Rebels batting - Pitching for Providence Friars : RHP Robbie Hopps
Batting: RHB Owen Parra 0-0: Ball
1-0: Ground out 5-3 (Groundball, 56S)
Batting: RHB Jon Waller 0-0: Called Strike
0-1: Ball
1-1: Ball
2-1: Ball
3-1: Base on Balls
Batting: LHB Ryan Miller 0-0: Ball
1-0: Fly out, F7 (Flyball, 7S)
Batting: RHB Lou Hammond 0-0: Called Strike
Jon Waller is caught stealing 2nd base
Bottom of the 6th over - 0 run(s), 0 hit(s), 0 error(s), 0 left on base; Providence 2 - Mississippi 0
TOP OF THE 7TH
Providence Friars batting - Pitching for Mississippi Rebels : RHP Jim Major
Batting: RHB Miguel Sánchez 0-0: SINGLE (Groundball, 56D)
Batting: LHB Javier Morales 0-0: Foul Ball, location: 2F
0-1: SINGLE (Line Drive, 6MD)
Miguel Sánchez to second
Runner from 2nd tries for 3rd, SAFE, throw made to third
Javier Morales to second
Batting: SHB Esteban Aliaga 0-0: Intentional Walk
Batting: RHB Roger Tucker 0-0: Ball
1-0: Ball
2-0: Called Strike
2-1: Ball
3-1: Swinging Strike
3-2: Base on Balls
Miguel Sánchez scores
Javier Morales to third
Esteban Aliaga to second
Batting: RHB Héctor Cruz 0-0: Foul Ball, location: 2F
0-1: Called Strike
0-2: Ball
1-2: Ball
2-2: Foul Ball, location: 2F
2-2: Ball
3-2: SINGLE (Line Drive, 4)
Javier Morales scores
Esteban Aliaga to third
Roger Tucker to second
Pitching: RHP John MacHendry
Batting: SHB Will Davies 0-0: Swinging Strike
0-1: Ball
1-1: Ball
2-1: Ball
3-1: Called Strike
3-2: Base on Balls
Esteban Aliaga scores
Roger Tucker to third
Héctor Cruz to second
Batting: RHB Gustavo Todd 0-0: Called Strike
0-1: Called Strike
0-2: Ball
1-2: Foul Ball, location: 2F
1-2: Ball
2-2: Foul Ball, location: 2F
2-2: Ball
3-2: Strikes out swinging
Batting: LHB Brian Easdale 0-0: Ball
1-0: Called Strike
1-1: Ball
2-1: Ball
3-1: Base on Balls
Roger Tucker scores
Héctor Cruz to third
Will Davies to second
Batting: RHB Marcus Pittman 0-0: Ball
1-0: Fly out, F4 (Flyball, 34D)
Batting: RHB Miguel Sánchez 0-0: Called Strike
0-1: Ball
1-1: SINGLE (Groundball, 6MD)
Héctor Cruz scores
Will Davies to third
Brian Easdale to second
Runner from 3rd tries for Home, SAFE, no throw
Batting: LHB Javier Morales 0-0: Ball
1-0: Foul Ball, location: 2F
1-1: SINGLE (Line Drive, 56)
Brian Easdale to third
Miguel Sánchez to second
Runner from 3rd tries for Home, SAFE, no throw
Batting: SHB Esteban Aliaga 0-0: Called Strike
0-1: Ball
1-1: Ball
2-1: Fielders Choice at 2nd, 4-6 (Groundball, 4)
Top of the 7th over - 7 run(s), 5 hit(s), 0 error(s), 1 left on base; Providence 9 - Mississippi 0
BOTTOM OF THE 7TH
Mississippi Rebels batting - Pitching for Providence Friars : RHP Robbie Hopps
Batting: RHB Lou Hammond 0-0: Called Strike
0-1: Called Strike
0-2: Ball
1-2: Ball
2-2: Strikes out swinging
Batting: RHB Jason McIntosh 0-0: Ball
1-0: Ball
2-0: Called Strike
2-1: Foul Ball, location: 2F
2-2: Fly out, F9 (Flyball, 9)
Batting: RHB Simon Lee 0-0: Ball
1-0: Called Strike
1-1: Foul Ball, location: 2F
1-2: Ground out 5-3 (Groundball, 56)
Bottom of the 7th over - 0 run(s), 0 hit(s), 0 error(s), 0 left on base; Providence 9 - Mississippi 0
TOP OF THE 8TH
Providence Friars batting - Pitching for Mississippi Rebels : RHP John MacHendry
Batting: RHB Roger Tucker 0-0: Ball
1-0: SOLO HOME RUN (Flyball, 7D), Distance : 349 ft
Pitching: RHP Jake Seals
Batting: RHB Héctor Cruz 0-0: Ball
1-0: Ball
2-0: Ball
3-0: Called Strike
3-1: Base on Balls
Pinch Hitting: RHB Nolan Houston 0-0: Fly out, F9 (Flyball, 89M)
Batting: RHB Gustavo Todd 0-0: Ball
1-0: Foul Ball, location: 2F
1-1: Foul Ball, location: 2F
1-2: Foul Ball, location: 2F
1-2: Foul Ball, location: 2F
1-2: Ball
2-2: Ball
3-2: Strikes out swinging
Batting: LHB Brian Easdale 0-0: Ball
1-0: Ball
2-0: Fly out, F8 (Flyball, 8LM)
Top of the 8th over - 1 run(s), 1 hit(s), 0 error(s), 1 left on base; Providence 10 - Mississippi 0
BOTTOM OF THE 8TH
Mississippi Rebels batting - Pitching for Providence Friars : RHP Robbie Hopps
Pitching: RHP Freddie Robinson
Now at 3B: Nolan Houston
Batting: SHB Jack Hendrix 0-0: Ground out 4-3 (Groundball, 34)
Batting: RHB John Eaves 0-0: Swinging Strike
0-1: Ball
1-1: Called Strike
1-2: Ball
2-2: Fly out, F7 (Line Drive, 78M)
Batting: RHB Warren Owens 0-0: Ground out 4-3 (Groundball, 4)
Bottom of the 8th over - 0 run(s), 0 hit(s), 0 error(s), 0 left on base; Providence 10 - Mississippi 0
TOP OF THE 9TH
Providence Friars batting - Pitching for Mississippi Rebels : RHP Jake Seals
Batting: RHB Marcus Pittman 0-0: Called Strike
0-1: Ball
1-1: Called Strike
1-2: Foul Ball, location: 2F
1-2: Ground out 4-3 (Groundball, 4)
Now at 2B: Rafael Gonzáles
Batting: RHB Miguel Sánchez 0-0: SINGLE (Groundball, 5S) (infield hit)
Batting: LHB Javier Morales 0-0: Ground out U3 (Groundball, 3S)
Miguel Sánchez to second
Batting: SHB Esteban Aliaga 0-0: SINGLE (Line Drive, 8LS)
Miguel Sánchez to third
Batting: RHB Roger Tucker 0-0: Called Strike
0-1: Ball
1-1: Called Strike
1-2: Strikes out looking
Top of the 9th over - 0 run(s), 2 hit(s), 0 error(s), 2 left on base; Providence 10 - Mississippi 0
BOTTOM OF THE 9TH
Mississippi Rebels batting - Pitching for Providence Friars : RHP Freddie Robinson
Now at C: Daniel Riddle
Batting: RHB Owen Parra 0-0: Swinging Strike
0-1: Foul Ball, location: 2F
0-2: Foul Ball, location: 2F
0-2: Strikes out looking
Batting: RHB Rafael Gonzáles 0-0: Ball
1-0: Called Strike
1-1: Ball
2-1: Ball
3-1: Called Strike
3-2: SINGLE (Groundball, 6MD)
Batting: LHB Ryan Miller 0-0: Foul Ball, location: 2F
0-1: Ball
1-1: Fly out, F8 (Flyball, 8LM)
Pinch Hitting: RHB Leonard Martínez 0-0: Called Strike
0-1: Called Strike
0-2: Foul Ball, location: 2F
0-2: Ball
1-2: Strikes out swinging
Bottom of the 9th over - 0 run(s), 1 hit(s), 0 error(s), 1 left on base; Providence 10 - Mississippi 0
Thursday, March 30th, 2017 - OOTP Baseball 17.12 Build 75